 Dungeon Crawl Stone Soup version 0.23.2-1-ga50397a (webtiles) character file.

Game seed: 91103619692860545

7712 cab the Geomancer (level 11, -7/64 HPs)
             Began as a Gargoyle Earth Elementalist on May 28, 2019.
             Was a Believer of Vehumet.
             Mangled by a death yak (9 damage)
             ... on level 11 of the Dungeon.
             The game lasted 00:57:27 (11902 turns).

cab the Geomancer (Gargoyle Earth Elementalist)    Turns: 11902, Time: 00:57:27

Health: -7/64      AC: 12    Str: 12    XL:     11   Next: 19%
Magic:  19/20      EV: 12    Int: 24    God:    Vehumet [**....]
Gold:   562        SH:  4    Dex: 10    Spells: 13/22 levels left

rFire    + . .     SeeInvis .   I - +0 mace
rCold    + . .     Gourm    .   J - +0 buckler
rNeg     + . .     Faith    .   l - +0 leather armour
rPois    ∞         Spirit   .   (no helmet)
rElec    +         Reflect  .   z - scarf {rC+ rF+}
rCorr    +         Harm     .   (no gloves)
MR       +....                  i - +0 pair of boots
Stlth    ++........             o - amulet of magic regeneration
HPRegen  0.20/turn              y - ring of protection from magic
MPRegen  0.42/turn              K - ring of resist corrosion

@: brilliant, marked
A: negative energy resistance 1, electricity resistance, unbreathing,
petrification resistance, rot immunity, AC +8
a: Renounce Religion


You were on level 11 of the Dungeon.
You worshipped Vehumet.
Vehumet was pleased with you.
You were not hungry.

You visited 2 branches of the dungeon, and saw 12 of its levels.

You collected 562 gold pieces.

Inventory:

Hand Weapons
 e - a +2 quarterstaff of chaos
 s - a +0 dagger of speed
 B - a +2 flail of holy wrath
 I - a +0 mace (weapon)
Missiles
 b - 72 stones (quivered)
Armour
 c - a +0 robe
 i - a +0 pair of boots (worn)
 l - a +0 leather armour (worn)
 z - a scarf of resistance (worn)
 C - a +2 robe of fire resistance
 J - a +0 buckler (worn)
Magical Staves
 A - an uncursed staff of conjuration
 H - an uncursed staff of poison
Jewellery
 o - an amulet of magic regeneration (around neck)
 p - an uncursed ring of protection from magic
 y - a ring of protection from magic (left hand)
 K - a ring of resist corrosion (right hand)
 O - an uncursed ring of wizardry
Scrolls
 a - a scroll of noise {unknown}
 g - 8 scrolls of remove curse
 j - 2 scrolls of magic mapping
 k - 6 scrolls of teleportation
 m - 3 scrolls of enchant armour {unknown}
 q - 2 scrolls of enchant weapon {unknown}
 u - 3 scrolls of immolation {unknown}
 w - 2 scrolls of amnesia {unknown}
 E - 2 scrolls of blinking {unknown}
 L - 3 scrolls of identify
 M - a scroll of acquirement {unknown}
 N - a scroll of holy word {unknown}
Potions
 f - 3 potions of flight
 h - 4 potions of degeneration
 r - 4 potions of might
 t - 2 potions of brilliance
 v - a potion of haste
 x - 3 potions of lignification
 D - 2 potions of ambrosia
 F - 2 potions of curing
 G - a potion of mutation {unknown}
Comestibles
 d - 21 rations


   Skills:
 + Level 5.9 Fighting
 * Level 2.2 Armour
 - Level 2.1 Dodging
 - Level 2.1 Stealth
 - Level 4.1 Shields
 + Level 6.1 Spellcasting
 - Level 7.2 Conjurations
   Level 0.7 Transmutations
 - Level 14.1 Earth Magic
 - Level 1.4 Evocations


You had 13 spell levels left.
You knew the following spells:

 Your Spells              Type           Power        Failure   Level  Hunger
a - Sandblast             Erth           ######       1%          1    None
b - Stone Arrow           Conj/Erth      ######       1%          3    #......
c - Lee's Rapid Deconstr  Erth           ######....   1%          5    #####..

Your spell library contained the following spells:

 Spells                   Type           Power        Failure   Level  Hunger
 Throw Flame              Conj/Fire      #####.       1%          2    None
 Shock                    Conj/Air       ####         1%          1    None
 Passwall                 Tmut/Erth      ######..     1%          2    None
 Swiftness                Chrm/Air       ###.....     1%          2    None
 Static Discharge         Conj/Air       #####...     1%          3    #......
 Petrify                  Tmut/Erth      ######..     1%          4    ###....
 Lightning Bolt           Conj/Air       #####.....   8%          5    #####..
 Airstrike                Air            ###.......   11%         4    ###....


Dungeon Overview and Level Annotations

Branches:
Dungeon (11/15)            Temple (1/1) D:6             Orc (0/2) D:9
   Lair: D:8-11

Altars:
Ashenzari
Cheibriados
Dithmenos
Elyvilon
Fedhas
Gozag
Hepliaklqana
Kikubaaqudgha
Makhleb
Nemelex Xobeh
Okawaru
Qazlal
Ru
Sif Muna
Trog
Uskayaw
Vehumet
Wu Jian
Xom
Yredelemnul
Zin
The Shining One

Shops:
D:8 ::([

Annotations:
D:8 1 runed translucent door, Borgoz's ghost, novice MiBe
D:11 Harold


Innate Abilities, Weirdness & Mutations

You are resistant to torment.
Your stone body is resilient. (AC +8)
You are immune to poison.
You resist negative energy. (rN+)
You are resistant to electric shocks. (rElec)
You can survive without breathing.
You are immune to petrification.
You are immune to rotting.


Message History

The death yak is lightly wounded.
b - 73 stones The death yak gores you but does no damage.
Harold hits you with a +0 long sword!!
* * * LOW HITPOINT WARNING * * *
Casting: Sandblast (safe; 1% risk of failure)
Confirm with . or Enter, or press ? or * to list all spells.
Aiming: Sandblast (safe; 1% risk of failure)
Press: ? - help, Shift-Dir - straight line, f/p - death yak
Aim: a death yak (lightly wounded)
The blast of sand hits the death yak.
The death yak is lightly wounded.
b - 72 stones Harold closely misses you.
The death yak gores you but does no damage.
You feel clever all of a sudden. Harold hits you with a +0 long sword!
* * * LOW HITPOINT WARNING * * *
The death yak gores you!
You die...

.
#+###+##....
#...@.......
#..Y@....#..
#........#
#...#.......
#... .......
.... .......
.##..
....... #.
... ...###.


You could see a death yak and Harold.

Vanquished Creatures
  3 death yaks
  Psyche (D:10)
  3 slime creatures (D:8)
  6 yaks
  2 hungry ghosts
  A steam dragon (D:5)
  A black bear (D:4)
  3 ice beasts
  2 orc warriors
  2 necrophages
  2 sky beasts
  5 ogres
  2 centaurs
  2 big kobolds (D:8)
  8 bullfrogs
  A scorpion (D:7)
  A centaur zombie (D:6)
  3 crimson imps
  A quasit (D:6)
  A bullfrog zombie (D:8)
  7 hounds
  5 jellies
  Crazy Yiuf (D:4)
  4 orc priests
  A centaur skeleton (D:9)
  A gnoll shaman (D:4)
  An iguana (D:4)
  Terence (D:3)
  3 orc wizards
  12 worker ants
  A hound skeleton (D:7)
  16 gnolls
  13 adders
  A shadow imp (D:7)
  10 oozes
  An adder zombie (D:7)
  2 worms (D:3)
  3 dart slugs
  6 leopard geckos
  26 orcs
  8 giant cockroaches
  4 goblins
  11 hobgoblins
  11 jackals
  7 quokkas
  A ball python (D:3)
  5 bats
  A frilled lizard (D:3)
  11 kobolds
  A leopard gecko skeleton (D:8)
  A quokka zombie (D:6)
  12 rats
  A spectral orc (D:2)
239 creatures vanquished.

Vanquished Creatures (others)
  2 fungi (D:8)
  8 toadstools (D:8)
10 creatures vanquished.

Grand Total: 249 creatures vanquished

Notes
Turn   | Place    | Note
-------+----------+-------------------------------------------
     0 | D:1      | cab the Gargoyle Earth Elementalist began the quest for the
                  | Orb.
     0 | D:1      | Reached XP level 1. HP: 10/10 MP: 3/3
   234 | D:1      | Reached skill level 4 in Earth Magic
   234 | D:1      | Reached XP level 2. HP: 15/15 MP: 3/5
   978 | D:2      | Reached XP level 3. HP: 19/19 MP: 2/6
   999 | D:2      | Learned a level 3 spell: Stone Arrow
  1620 | D:2      | Found a hazy altar of Hepliaklqana.
  1624 | D:2      | Found a blossoming altar of Fedhas.
  1632 | D:2      | Reached XP level 4. HP: 23/24 MP: 6/8
  1663 | D:2      | Reached skill level 1 in Conjurations
  1899 | D:2      | Found a basalt altar of Yredelemnul.
  3019 | D:3      | Reached skill level 5 in Earth Magic
  3327 | D:3      | Noticed Terence
  3336 | D:3      | Killed Terence
  3336 | D:3      | Reached XP level 5. HP: 28/28 MP: 1/9
  3896 | D:4      | Reached skill level 6 in Earth Magic
  3896 | D:4      | Reached XP level 6. HP: 26/32 MP: 10/10
  4117 | D:4      | Noticed a black bear
  4125 | D:4      | Killed a black bear
  4358 | D:4      | Reached skill level 7 in Earth Magic
  4706 | D:4      | Reached XP level 7. HP: 22/36 MP: 7/11
  5110 | D:4      | Found a runed translucent door.
  5111 | D:4      | Noticed Crazy Yiuf
  5116 | D:4      | Killed Crazy Yiuf
  5336 | D:4      | Reached skill level 8 in Earth Magic
  5504 | D:4      | Learned a level 5 spell: Lee's Rapid Deconstruction
  5505 | D:5      | Entered Level 5 of the Dungeon
  5963 | D:5      | Reached skill level 9 in Earth Magic
  5963 | D:5      | Reached XP level 8. HP: 41/41 MP: 9/13
  6303 | D:5      | Reached skill level 5 in Spellcasting
  6661 | D:6      | Found a shimmering altar of Xom.
  6662 | D:6      | Found a glowing silver altar of Zin.
  6679 | D:6      | Reached skill level 10 in Earth Magic
  6928 | D:6      | Reached skill level 1 in Fighting
  7074 | D:6      | Reached XP level 9. HP: 49/49 MP: 15/17
  7093 | D:6      | Reached skill level 5 in Conjurations
  7115 | D:6      | Found a staircase to the Ecumenical Temple.
  7164 | Temple   | Entered the Ecumenical Temple
  7426 | D:6      | Found a shattered altar of Ashenzari.
  7429 | D:6      | Found a radiant altar of Vehumet.
  7433 | D:6      | Found a burning altar of Makhleb.
  8535 | D:6      | Became a worshipper of Vehumet
  8702 | D:8      | Found Okladghott's Armour Shoppe.
  8731 | D:8      | Reached skill level 11 in Earth Magic
  8823 | D:8      | Noticed Borgoz's ghost (novice MiBe)
  8885 | D:8      | Found a runed translucent door.
  8907 | D:8      | Reached * piety under Vehumet
  8907 | D:8      | Offered knowledge of Freeze by Vehumet.
  9016 | D:8      | Found Vicom's Antique Weapon Boutique.
  9380 | D:8      | Reached XP level 10. HP: 58/58 MP: 8/18
  9381 | D:8      | Reached skill level 5 in Fighting
  9381 | D:8      | Reached skill level 12 in Earth Magic
  9490 | D:8      | Found Xuth's Book Shoppe.
  9510 | D:8      | Found Ypeom's Book Emporium.
 10212 | D:9      | Found a staircase to the Orcish Mines.
 10365 | D:9      | Reached ** piety under Vehumet
 10386 | D:9      | Reached skill level 1 in Shields
 10388 | D:9      | Offered knowledge of Throw Flame by Vehumet.
 10833 | D:10     | Entered Level 10 of the Dungeon
 11181 | D:10     | Noticed a death yak
 11214 | D:10     | Killed a death yak
 11214 | D:10     | Reached skill level 13 in Earth Magic
 11214 | D:10     | Reached skill level 1 in Evocations
 11316 | D:10     | Noticed a death yak
 11318 | D:10     | Noticed a death yak
 11319 | D:10     | Noticed a death yak
 11325 | D:10     | Noticed a death yak
 11325 | D:10     | Noticed a death yak
 11336 | D:9      | Killed a death yak
 11336 | D:9      | Reached skill level 14 in Earth Magic
 11336 | D:9      | Reached XP level 11. HP: 37/64 MP: 8/19
 11577 | D:10     | Noticed a death yak
 11591 | D:9      | Killed a death yak
 11591 | D:9      | Reached skill level 1 in Armour
 11841 | D:10     | Noticed Psyche
 11845 | D:10     | Killed Psyche
 11868 | D:10     | Noticed Harold
 11902 | D:11     | HP: 2/64 [Harold/+0 long sword (8)]
 11902 | D:11     | Mangled by a death yak

Skill      XL: |  1  2  3  4  5  6  7  8  9 10 11 |
---------------+----------------------------------+-----
Earth Magic    | 4 5 6 7 9 10 11 14 | 14.1
Dodging        | 2 |  2.1
Conjurations   | 1 2 3 4 6 7 |  7.2
Spellcasting   | 3 5 6 |  6.1
Fighting       | 2 4 5 |  5.9
Shields        | 4 |  4.1
Evocations     | 1 |  1.4
Armour         | 2 |  2.2
Stealth        | |  2.1
Transmutations | |  0.7

Action                   |  1- 3 |  4- 6 |  7- 9 | 10-12 || total
-------------------------+-------+-------+-------+-------++-------
Melee: Whip              |    36 |    43 |       |       ||    79
       Mace              |       |    28 |       |       ||    28
       Flail             |       |    17 |    50 |     8 ||    75
       Staff             |       |       |       |     3 ||     3
 Cast: Sandblast         |    39 |    63 |   105 |    76 ||   283
       Stone Arrow       |       |       |    55 |    33 ||    88
       Lee's Rapid Decon |       |       |     5 |     5 ||    10
  Use: Scroll            |     2 |     4 |     4 |     2 ||    12
       Potion            |       |       |       |     2 ||     2
 Stab: Sleeping          |       |       |     1 |       ||     1
  Eat: Chunk             |     3 |     9 |    18 |     8 ||    38
       Ration            |       |       |       |     1 ||     1
Armor: Robe              |    18 |    42 |    56 |     9 ||   125
       Leather armour    |       |       |       |     6 ||     6
Dodge: Dodged            |    32 |    75 |    81 |    34 ||   222
Block: Buckler           |       |       |       |     6 ||     6
